 Dungeon Crawl Stone Soup version 0.22-a0-553-g9358b0b (webtiles) character file.

383 inc the Magician (level 6, -6/36 HPs)
             Began as an Octopode Ice Elementalist on June 25, 2018.
             Mangled by an ogre
             ... wielding a +0 giant club
              (19 damage)
             ... on level 5 of the Dungeon.
             The game lasted 00:06:06 (4208 turns).

inc the Magician (Octopode Ice Elementalist)        Turns: 4208, Time: 00:06:07

Health: -6/36      AC:  1    Str:  8    XL:     6   Next: 76%
Magic:  4/13       EV: 13    Int: 19    God:
Gold:   74         SH:  0    Dex: 12    Spells: 11/14 levels left

rFire    . . .     SeeInvis .   o - +2 whip (venom)
rCold    . . .     Gourm    .   (no shield)
rNeg     . . .     Faith    .   (helmet restricted)
rPois    .         Spirit   .   (no amulet)
rElec    .         Reflect  .   r - ring of protection from magic
rCorr    .         Harm     .   (no ring)
MR       +....                  (no ring)
Stlth    +++.......             (no ring)
HPRegen  0.12/turn              (no ring)
MPRegen  0.13/turn              (no ring)
                                (no ring)
                                (no ring)

@: no status effects
A: almost no armour, stealthy swim, amphibious, 8 rings, constrict 8, camouflage
1, gelatinous body 1
a: no special abilities


You were on level 5 of the Dungeon.
You were near starving.

You visited 2 branches of the dungeon, and saw 6 of its levels.

You collected 129 gold pieces.
You spent 55 gold pieces at shops.

Inventory:

Hand Weapons
 e - a +0 short sword
 n - a +0 dagger of venom
 o - a +2 whip of venom (weapon)
Jewellery
 r - a ring of protection from magic (left tentacle)
Scrolls
 d - a scroll of amnesia {unknown}
 f - 2 scrolls of fog {unknown}
 g - a scroll of fear {unknown}
 h - 2 scrolls of blinking {unknown}
 l - a scroll of immolation {unknown}
 m - 3 scrolls of remove curse {unknown}
Potions
 c - a potion of lignification
 i - 2 potions of agility
 j - a potion of degeneration {unknown}
 k - 4 potions of might
 p - a potion of magic
 q - a potion of curing
 s - 2 potions of heal wounds
 t - a potion of haste {unknown}
Comestibles
 b - 10 rations


   Skills:
 - Level 2.0 Dodging
 - Level 2.6 Stealth
 + Level 4.9 Spellcasting
 - Level 3.8 Conjurations
 - Level 3.7 Ice Magic


You had 11 spell levels left.
You knew the following spells:

 Your Spells              Type           Power        Failure   Level  Hunger
a - Freeze                Ice            ###.         2%          1    None
b - Throw Frost           Conj/Ice       ###...       4%          2    #......

Your spell library contained the following spells:

 Spells                   Type           Power        Failure   Level  Hunger
 Summon Ice Beast         Ice/Summ       ##......     50%         4    ####...
 Ozocubu's Armour         Chrm/Ice       ##......     17%         3    ##.....
 Throw Icicle             Conj/Ice       ###.....     26%         4    ####...


Dungeon Overview and Level Annotations

Branches:
Dungeon (5/15)             Temple (1/1) D:4

Altars:
Ashenzari
Dithmenos
Hepliaklqana
Makhleb
Okawaru
Qazlal
Ru
Sif Muna
Trog
Wu Jian
Xom

Shops:
D:4 !

Annotations:
D:3 Grinder


Innate Abilities, Weirdness & Mutations

You cannot wear most types of armour.
You are very stealthy in the water. (Stealth+)
You are amphibious.
You can wear up to eight rings at the same time.
You can use your tentacles to constrict eight enemies at once.
Your skin changes colour to match your surroundings (Stealth+).
Your rubbery body absorbs attacks. (AC +1, EV +1)


Message History

The ogre is severely wounded.
The ogre barely misses you.
Casting: Freeze (safe; 2% risk of failure)
Confirm with . or Enter, or press ? or * to list all spells.
Aiming: Freeze (safe; 2% risk of failure)
Press: ? - help, Shift-Dir - straight line, f/p - ogre
Aim: an ogre, wielding a giant club (severely wounded)
You freeze the ogre.
The ogre is almost dead.
The ogre misses you.
Casting: Freeze (safe; 2% risk of failure)
Confirm with . or Enter, or press ? or * to list all spells.
Aiming: Freeze (safe; 2% risk of failure)
Press: ? - help, Shift-Dir - straight line, f/p - ogre
Aim: an ogre, wielding a giant club (almost dead)
You freeze the ogre.
The ogre is almost dead.
The ogre hits you with a giant club!!
Ouch! That really hurt!
You die...

,**** *,* *******+++** ,,,,******
#.* *8,,,,,,,,,,
***,,,,,.###.###### ***,,,*,,***
*,,,,,,,,.........###***,,,*,**
*,****,***#.........,,,,,***,*
*,**,,,,,*#.......#******* *,*
*,*,,,,,,,#.....?.# *,*
*,*,,,,..%#.......### *,*
*,,,,,_...?....O@...####****,****
*,*,,,,...#.!######.<..#,,,,,,,,,
*,*,,,,,,,#.,* ####......,,,,,
*,**,,,,,*#,,* **#....,,,,,
*,****,****,,* *,...,,,,,
*,,,,,,,,,,,,* ****#*****
**,,,,,,,,,,,* *************


You could see an ogre.

Vanquished Creatures
  A bullfrog (D:4)
  An orc priest (D:4)
  3 hounds (D:4)
  An orc wizard (D:4)
  2 worker ants (D:4)
  5 adders
  An ooze (D:3)
  2 worms (D:3)
  A dart slug (D:1)
  A leopard gecko (D:2)
  3 orcs (D:4)
  11 giant cockroaches
  9 goblins
  6 hobgoblins
  A jackal (D:2)
  9 kobolds
  2 ball pythons
  6 bats
  6 frilled lizards
  3 rats
74 creatures vanquished.

Notes
Turn   | Place    | Note
-------+----------+-------------------------------------------
     0 | D:1      | inc the Octopode Ice Elementalist began the quest for the Orb.
     0 | D:1      | Reached XP level 1. HP: 11/11 MP: 3/3
   371 | D:1      | Reached XP level 2. HP: 17/17 MP: 5/5
   433 | D:1      | Learned a level 2 spell: Throw Frost
   789 | D:2      | Reached XP level 3. HP: 18/21 MP: 1/6
   985 | D:2      | Found an iron altar of Okawaru.
  1392 | D:2      | Found a deep blue altar of Sif Muna.
  1711 | D:2      | Reached XP level 4. HP: 15/27 MP: 3/7
  2072 | D:2      | Found a faded altar of an unknown god.
  2937 | D:3      | Noticed Grinder
  3070 | D:3      | Reached XP level 5. HP: 31/31 MP: 4/8
  3207 | D:4      | Reached skill level 3 in Spellcasting
  3211 | D:4      | Reached XP level 6. HP: 28/36 MP: 1/11
  3296 | D:4      | Found a shattered altar of Ashenzari.
  3367 | D:4      | Reached skill level 4 in Spellcasting
  3400 | D:4      | Found Xaosulu's Distillery.
  3407 | D:4      | Bought a potion of heal wounds for 55 gold pieces
  3410 | D:4      | Found a staircase to the Ecumenical Temple.
  3422 | Temple   | Entered the Ecumenical Temple
  4192 | D:5      | Entered Level 5 of the Dungeon
  4208 | D:5      | Mangled by an ogre

Vault maps used:
D:1:      saegor_arrival_miasma, serial_park_tiny_2
D:2:      minmay_roachtagon, okawaru_metal_pillars_1_2, lemuel_round_altar,
          chequers_ecumenical_altar_lobes, minmay_heptomino_d4
D:3:      uniq_grinder
D:4:      minmay_temple_entry_statues_pillars, serial_shops, shop, first_ration,
          cheibrodos_ashenzari_chains
D:5:      old_standard_altar, biasface_ghost_orc_armoury, uniq_pikel,
          uniq_menkaure, uniq_sigmund
Temple:   kb_temple_of_zot

Skill      XL: |  1  2  3  4  5  6 |
---------------+-------------------+-----
Conjurations   | 3 |  3.8
Spellcasting   | 3 4 |  4.9
Dodging        | |  2.0
Stealth        | |  2.6
Ice Magic      | |  3.7

Action                   |  1- 3 |  4- 6 || total
-------------------------+-------+-------++-------
Melee: Unarmed           |     8 |       ||     8
       Short sword       |    52 |       ||    52
       Tentacles         |    13 |     5 ||    18
       Constrict         |    18 |    12 ||    30
       Dagger            |     5 |     1 ||     6
       Whip              |       |    37 ||    37
 Cast: Freeze            |    15 |    34 ||    49
       Throw Frost       |    12 |     9 ||    21
  Use: Potion            |       |     2 ||     2
       Scroll            |       |     5 ||     5
 Stab: Sleeping          |     6 |     7 ||    13
  Eat: Chunk             |     3 |     7 ||    10
Armor: Skin              |     9 |     2 ||    11
Dodge: Dodged            |    42 |    30 ||    72

Table legend:
 A = Spawn XP
 B = Non-spawn XP
 C = Spawn XP percentage of total XP
 D = Spawn monster count
 E = Non-spawn monster count
 F = Spawn count percentage of total count
 G = Total turns spent on level
                    A         B        C        D         E        F      G
               +---------+---------+-------+---------+---------+-------+---------
         Total |       0 |     548 |   0.0 |       0 |      74 |   0.0 |  4208
               +---------+---------+-------+---------+---------+-------+---------
           D:1 |       0 |      33 |   0.0 |       0 |      18 |   0.0 |   783
           D:2 |       0 |      62 |   0.0 |       0 |      29 |   0.0 |  1561
           D:3 |       0 |      71 |   0.0 |       0 |      15 |   0.0 |   840
           D:4 |       0 |     382 |   0.0 |       0 |      12 |   0.0 |   904
               +---------+---------+-------+---------+---------+-------+---------
